Map: Dusk Towers

Players

DKPUNCH

  • Race: Zerg Zerg
  • League: Diamond

LilDicky - Winner!

  • Race: Terran Terran
  • League: Diamond

VOD

http://www.twitch.tv/tumescentpie

Description

Time

  • Played on: Dec. 7, 2015, 9:31 a.m.
  • Length: 10:42
Show
View Real Time Build Order
Export as new Build Order

DKPUNCH Zerg 

Build Orders: Pool First 

Get SALT Encoding   

  12  0:01  Drone  
  13  0:12  Overlord  
  13  0:19  Drone  
  14  0:23  Drone, Extractor  
  15  0:31  Drone  
  15  0:34  Drone  
  17  0:47  Spawning Pool  
  17  0:58  Hatchery  
  17  1:02  Drone  
  17  1:14  Spawning Pool  
  17  1:17  Drone  
  17  1:20  Extractor  
  17  1:22  Drone  
  17  1:25  Drone  
  17  1:30  Drone  
  19  1:40  Drone  
  20  1:54  Overlord  
  20  2:00  Queen  
  22  2:03  Extractor  
  22  2:04  Zergling x2  
  23  2:08  Roach Warren  
  23  2:13  Queen  
  24  2:17  Drone  
  24  2:20  Drone  
  26  2:24  Drone  
  26  2:28  Drone  
  28  2:31  Drone  
  28  2:35  Drone  
  30  2:49  Roach x2  
  34  2:54  Roach  
  36  3:10  Hatchery  
  35  3:12  Overlord  
  35  3:13  Drone  
  36  3:32  Drone x4  
  36  3:33  Drone x4  
  44  3:35  Overlord  
  44  3:49  Burrow, Extractor  
  44  3:50  Extractor  
  44  3:53  Ravager x2, Extractor  
  43  3:59  Drone x6  
  48  4:11  Zergling x4  
  48  4:13  Roach  
  48  4:16  Spine Crawler  
  51  4:22  Spine Crawler, Roach  
  51  4:23  Roach  
  54  4:24  Roach  
  56  4:33  Roach  
  53  4:48  Roach  
  53  4:49  Zergling x2  
  53  4:50  Zergling x4  
  53  4:52  Zergling x6  
  51  5:14  Overlord x3  
  49  5:24  Overlord x2  
  46  5:38  Zergling x2  
  45  5:44  Zergling x6  
  45  5:45  Zergling x2  
  45  5:46  Zergling x2  
  51  5:57  Ravager x2  
  51  5:58  Ravager x2  
  51  6:00  Roach  
  57  6:06  Zergling x2  
  35  6:44  Overlord x3  
  35  6:45  Roach x2  
  35  6:46  Roach x2  
  32  6:55  Roach x2  
  36  7:08  Roach  
  34  7:17  Drone x2  
  34  7:18  Drone  
  37  7:29  Spawning Pool  
  36  7:34  Drone x3  
  33  7:47  Ravager  
  34  7:57  Hatchery  
  33  8:02  Ravager  
  33  8:05  Roach x2  
  38  8:15  Hatchery  
  35  8:24  Roach  
  35  8:25  Roach x3  
  43  8:34  Roach x2  
  39  8:38  Zergling x2  
  39  8:39  Queen x2  
  40  8:44  Zergling x2  
  40  8:48  Zergling x2  
  37  8:53  Zergling x2  
  30  8:59  Zergling x2  
  24  9:03  Zergling x2  
  15  9:15  Queen  
  14  9:28  Zergling x2  
  14  9:29  Zergling x6  
  18  9:33  Zergling x8  
  18  9:35  Zergling x2  
  18  9:38  Zergling x2  
  19  9:49  Zergling x2  
  17  10:03  Drone x3  
  17  10:06  Drone x4  
  24  10:07  Drone x2  
  20  10:35  Spore Crawler  
Show
View Real Time Build Order
Export as new Build Order

LilDicky Terran - Winner!

Build Orders: 1/1/1, Liberator Opening 

Get SALT Encoding   

  12  0:01  SCV  
  13  0:13  SCV  
  14  0:17  Supply Depot  
  14  0:25  SCV  
  14  0:27  Refinery  
  15  0:39  SCV  
  16  0:45  Barracks  
  16  0:52  SCV  
  17  1:04  SCV  
  18  1:16  SCV  
  19  1:22  Refinery  
  19  1:31  Orbital Command  
  19  1:32  Supply Depot, Marine  
  20  1:39  Factory  
  20  1:50  Barracks Reactor  
  20  1:57  SCV  
  21  2:09  SCV  
  22  2:21  SCV  
  23  2:25  Armory  
  23  2:27  Starport, Marine x2  
  25  2:31  Supply Depot  
  25  2:34  Factory Tech Lab  
  25  2:36  SCV  
  26  2:47  Supply Depot  
  26  2:48  SCV  
  27  2:56  Marine x2  
  29  3:14  Marine x2  
  29  3:18  Thor  
  37  3:24  Medivac  
  37  3:25  SCV  
  40  3:32  Marine  
  40  3:33  Marine  
  42  3:38  SCV  
  43  3:45  Supply Depot  
  43  3:49  Liberator  
  43  3:51  Marine  
  43  3:52  Marine  
  48  4:21  Marine x2  
  50  4:25  Siege Tank  
  50  4:28  SCV  
  54  4:34  Command Center  
  54  4:40  SCV  
  55  5:21  SCV  
  54  5:28  Liberator  
  54  5:34  Thor  
  54  5:36  Supply Depot  
  54  5:37  Supply Depot  
  56  6:06  Orbital Command  
  56  6:07  SCV  
  57  6:12  Refinery x2  
  57  6:13  Command Center  
  57  6:17  Thor  
  59  6:19  SCV  
  58  6:31  SCV  
  56  6:35  Medivac  
  57  6:44  SCV  
  57  6:47  SCV  
  56  7:23  SCV x2  
  58  7:35  SCV x2, Thor  
  66  7:40  Orbital Command  
  63  7:47  SCV x2  
  65  7:59  SCV x2  
  65  8:00  Starport Reactor  
  65  8:01  Marine x2  
  69  8:11  SCV x2  
  71  8:18  Marine  
  72  8:23  SCV  
  70  8:41  Liberator x2  
  70  8:54  Marine x2  
  72  8:56  Thor  
  84  9:03  Orbital Command  
  84  9:11  Command Center  
  84  9:12  Marine x2  
  86  9:23  SCV x2  
  88  9:39  Thor  
  88  10:12  Factory  
  88  10:13  Factory x2  
  87  10:20  Refinery  
  85  10:22  Refinery  
Tags
 
Add a new tag
Caveats
  • Supply blocks, unpowered buildings, or Contaminate may cause inaccurate times.
  • Supply counts are checked every 10 seconds.